Map: Interloper LE

Players

Ikaruga - Winner!

  • Race: Terran Terran
  • League: Master
  • Spawn Location: 5:00

A.I. 1 (Very Easy)

  • Race: Protoss Protoss
  • Spawn Location: 11:00

VOD

Have the link to the VOD?

Description

Time

  • Played on: Oct. 10, 2017, 10:25 a.m.
  • Length: 7:19
Show
View Real Time Build Order
Export as new Build Order

Ikaruga Terran - Winner!

Build Orders:  

Get SALT Encoding   

  12  0:02  SCV  
  14  0:14  SCV  
  14  0:18  Supply Depot  
  14  0:26  SCV  
  15  0:39  SCV  
  15  0:42  Barracks  
  16  0:46  Refinery  
  16  0:52  SCV  
  16  0:55  Refinery  
  17  1:04  SCV  
  18  1:16  SCV  
  19  1:29  Orbital Command, Marine  
  19  1:31  Supply Depot  
  20  1:47  Marine  
  21  1:55  SCV  
  21  1:56  Factory  
  22  2:05  Marine  
  22  2:07  SCV  
  24  2:19  SCV  
  25  2:23  Marine  
  26  2:31  SCV  
  26  2:33  Supply Depot  
  27  2:39  Widow Mine  
  27  2:42  Starport  
  27  2:43  SCV, Barracks Reactor  
  30  2:55  SCV  
  31  2:58  Supply Depot  
  31  3:08  Widow Mine  
  31  3:10  SCV  
  34  3:19  Starport Tech Lab, Marine x2  
  34  3:26  Supply Depot  
  36  3:37  Factory Tech Lab  
  36  3:38  Raven  
  36  3:39  Marine x2  
  40  3:52  Barracks  
  40  3:53  Barracks  
  43  3:55  Siege Tank  
  43  3:59  Marine  
  43  4:00  Marine  
  44  4:04  Supply Depot  
  44  4:17  Marine x2  
  44  4:20  Raven  
  48  4:27  Supply Depot, Siege Tank  
  51  4:36  Marine x2  
  53  4:40  Marine x2  
  55  4:50  Supply Depot  
  55  4:54  Marine x2  
  55  4:58  Marine x2  
  55  4:59  Siege Tank  
  62  5:03  Banshee  
  65  5:17  Marine  
  65  5:18  Marine x3  
  69  5:33  Siege Tank  
  69  5:35  Marine x2  
  72  5:37  Supply Depot, Marine x2  
  76  5:46  Banshee  
  79  6:00  Marine x2  
  79  6:01  Marine x2  
  83  6:05  Siege Tank  
  86  6:24  Marine  
  87  6:30  Banshee, Marine x2  
  92  6:55  Marine x3  
  95  7:01  Supply Depot  
Show
View Real Time Build Order
Export as new Build Order

A.I. 1 (Very Easy) Protoss 

Build Orders: 1 Gate Expand, Nexus First 

Get SALT Encoding   

  12  0:01  Probe (Chrono Boost)  
  13  0:11  Probe (Chrono Boost)  
  14  0:20  Pylon  
  14  0:43  Gateway  
  14  1:01  Nexus  
  14  1:19  Pylon  
  14  1:25  Assimilator  
  14  1:28  Zealot  
  16  1:36  Cybernetics Core  
  16  1:38  Probe (Chrono Boost)  
  17  1:50  Probe (Chrono Boost)  
  18  2:00  Assimilator  
  19  2:01  Probe (Chrono Boost)  
  19  2:10  Stalker  
  19  2:12  Probe (Chrono Boost)  
  22  2:17  Probe (Chrono Boost)  
  22  2:19  Warp Gate  
  23  2:24  Probe (Chrono Boost)  
  24  2:32  Probe (Chrono Boost)  
  25  2:39  Probe (Chrono Boost)  
  26  2:47  Assimilator  
  26  2:48  Probe (Chrono Boost)  
  26  2:51  Pylon  
  27  2:55  Probe (Chrono Boost)  
  28  3:01  Probe (Chrono Boost)  
  29  3:09  Robotics Facility  
  29  3:10  Probe (Chrono Boost)  
  30  3:25  Probe (Chrono Boost)  
  31  3:27  Zealot  
  31  3:31  Probe (Chrono Boost)  
  34  3:40  Probe (Chrono Boost)  
  35  3:46  Probe (Chrono Boost)  
  36  3:54  Probe (Chrono Boost)  
  37  3:57  Observer  
  37  4:00  Probe (Chrono Boost)  
  39  4:09  Probe (Chrono Boost)  
  40  4:15  Probe (Chrono Boost)  
  40  4:16  Observer  
  41  4:22  Probe (Chrono Boost)  
  43  4:29  Probe (Chrono Boost), Assimilator  
  44  4:36  Probe (Chrono Boost)  
  45  4:40  Pylon  
  45  4:44  Sentry, Probe (Chrono Boost)  
  48  4:51  Probe (Chrono Boost)  
  49  4:57  Probe (Chrono Boost)  
  50  6:14  Stalker  
  44  6:19  Observer, Pylon  
  44  6:20  Probe (Chrono Boost)  
  37  6:32  Probe (Chrono Boost)  
  28  6:43  Probe (Chrono Boost), Zealot  
  28  6:53  Probe (Chrono Boost)  
  25  6:58  Pylon  
Tags
 
Add a new tag
Caveats
  • Supply blocks, unpowered buildings, or Contaminate may cause inaccurate times.
  • Supply counts are checked every 10 seconds.